[ PARTIDA AOE2 · #475515676 ]
UnrankedCoreanos vs Jurchens
Equipo del jugador · DERR
[ ANÁLISIS DE REPETICIÓN · EXTRAÍDO DE LA PARTIDA GRABADA ]
Feudal
13:51
Castillos
19:47
Imperial
50:42
| APM promedio | 54.5 |
| APM pico | 103 |
| eAPM promedio | 23.7 |
| Aldeanos / militares | 190 / 65 |
Foco
⚔️ 25.4% · 🌾 74.6%
Skirmisher ×16 · War Wagon ×14 · Fire Lancer ×9 · Scout Cavalry ×8 · Spearman ×7 · Iron Pagoda ×5
Feudal
12:48
Castillos
24:16
Imperial
42:27
| APM promedio | 25.3 |
| APM pico | 51 |
| eAPM promedio | 14.5 |
| Aldeanos / militares | 151 / 153 |
Foco
⚔️ 22.0% · 🌾 78.0%
Steppe Lancer ×143 · Scout Cavalry ×10
Feudal
12:48
Castillos
19:13
Imperial
—
| APM promedio | 32.4 |
| APM pico | 63 |
| eAPM promedio | 19.1 |
| Aldeanos / militares | 151 / 204 |
Foco
⚔️ 38.6% · 🌾 61.4%
Spearman ×133 · Knight ×68 · Karambit Warrior ×3
Feudal
12:32
Castillos
16:41
Imperial
38:06
| APM promedio | 65.8 |
| APM pico | 134 |
| eAPM promedio | 36.3 |
| Aldeanos / militares | 183 / 251 |
Foco
⚔️ 43.1% · 🌾 56.9%
Camel Scout ×150 · Skirmisher ×90 · Gbeto ×11
Feudal
12:10
Castillos
21:03
Imperial
34:51
| APM promedio | 33.6 |
| APM pico | 62 |
| eAPM promedio | 17.8 |
| Aldeanos / militares | 137 / 164 |
Foco
⚔️ 44.7% · 🌾 55.3%
Archer ×142 · Trebuchet (Packed) ×10 · Militia ×6 · Spearman ×3 · Cataphract ×2 · Monk ×1
Feudal
13:29
Castillos
16:51
Imperial
36:16
| APM promedio | 55.5 |
| APM pico | 103 |
| eAPM promedio | 23.3 |
| Aldeanos / militares | 90 / 95 |
Foco
⚔️ 35.3% · 🌾 64.7%
Archer ×54 · Shotel Warrior ×23 · Battering Ram ×7 · Trebuchet (Packed) ×5 · Mangonel ×4 · Monk ×1
Feudal
12:24
Castillos
26:36
Imperial
47:33
| APM promedio | 30.6 |
| APM pico | 80 |
| eAPM promedio | 17.8 |
| Aldeanos / militares | 187 / 94 |
Foco
⚔️ 19.0% · 🌾 81.0%
Knight ×78 · Scout Cavalry ×10 · Obuch ×4 · Trebuchet (Packed) ×2 · Unknown (1105) ×1
Feudal
14:05
Castillos
24:14
Imperial
50:59
| APM promedio | 26.5 |
| APM pico | 87 |
| eAPM promedio | 16.0 |
| Aldeanos / militares | 188 / 42 |
Foco
⚔️ 23.0% · 🌾 77.0%
Knight ×32 · Scout Cavalry ×4 · Spearman ×3 · Trebuchet (Packed) ×3
Mapa de la partida
Recursos iniciales + cada clic de construcción. Líneas = muros · curvas = relieve. ◆ oro · ⬟ piedra · ● bayas · ✦ reliquia · ◌ hueco del cierre
Tu base· Abierta — hueco de 6t
Base de [GDL] Hugo Logar· Abierta — flanco sin cerrar
Base de [GDL] Mochila Con Piedras· Abierta — flanco sin cerrar
Base de GDL Aviña· Abierta — flanco sin cerrar
Base de CORP_RELP77· Abierta — flanco sin cerrar
Base de |GDL| "V" 4Vendetta· Abierta — flanco sin cerrar
Base de [GDL] Snicker· Abierta — hueco de 11t
Base de [GDL] Soy Un RUFIAN· Abierta — hueco de 1t
Terreno inicial suavizado · ◌ = hueco del cierre detectado · pasá el cursor para detalles
Inputs por minuto
— [GDL] Pardox - - [GDL] Hugo Logar
Build order — [GDL] Pardox
Primeras 150 de 482 acciones detectadas
| 0:08 | Construir | Town Center |
| 1:29 | Construir | House |
| 2:20 | Construir | Palisade Wall |
| 2:28 | Crear | Villager (Male) |
| 2:28 | Crear | Villager (Male) |
| 2:28 | Crear | Villager (Male) |
| 2:28 | Crear | Villager (Male) |
| 3:16 | Construir | Palisade Wall |
| 3:19 | Construir | Palisade Wall |
| 3:33 | Crear | Villager (Male) |
| 3:33 | Crear | Villager (Male) |
| 3:42 | Construir | House |
| 4:17 | Crear | Villager (Male) |
| 4:41 | Construir | House |
| 4:55 | Construir | House |
| 5:06 | Construir | House |
| 5:13 | Crear | Villager (Male) |
| 5:14 | Crear | Villager (Male) |
| 5:14 | Crear | Villager (Male) |
| 5:25 | Crear | Villager (Male) |
| 5:52 | Crear | Villager (Male) |
| 5:53 | Crear | Villager (Male) |
| 6:13 | Construir | House |
| 6:21 | Crear | Villager (Male) |
| 6:27 | Construir | House |
| 6:48 | Crear | Villager (Male) |
| 7:18 | Construir | House |
| 8:22 | Crear | Villager (Male) |
| 8:36 | Construir | House |
| 8:41 | Crear | Villager (Male) |
| 9:18 | Crear | Villager (Male) |
| 9:31 | Construir | Lumber Camp |
| 9:38 | Crear | Villager (Male) |
| 9:50 | Construir | Palisade Wall |
| 10:04 | Crear | Villager (Male) |
| 10:15 | Crear | Villager (Male) |
| 10:23 | Construir | Palisade Wall |
| 10:52 | Construir | Mill |
| 10:58 | Construir | House |
| 11:15 | Construir | Palisade Gate |
| 11:16 | Crear | Villager (Male) |
| 11:22 | Investigar | Feudal Age |
| 11:32 | Construir | Palisade Wall |
| 12:39 | Construir | Mining Camp |
| 13:28 | Construir | House |
| 13:35 | Construir | Palisade Wall |
| 13:37 | Construir | Palisade Wall |
| 13:39 | Construir | Palisade Wall |
| 13:40 | Construir | Palisade Wall |
| 13:51 | Edad | Edad Feudal |
| 13:56 | Construir | Outpost |
| 13:58 | Investigar | Loom |
| 13:59 | Investigar | Double-Bit Axe |
| 14:13 | Investigar | Town Watch |
| 14:40 | Construir | Palisade Wall |
| 14:41 | Construir | Palisade Wall |
| 14:43 | Construir | Palisade Wall |
| 14:45 | Construir | Palisade Wall |
| 14:48 | Construir | Palisade Wall |
| 14:49 | Construir | Palisade Wall |
| 14:50 | Crear | Villager (Male) |
| 14:50 | Crear | Villager (Male) |
| 15:01 | Construir | Palisade Wall |
| 15:03 | Construir | Palisade Wall |
| 15:06 | Construir | Palisade Wall |
| 15:10 | Construir | House |
| 15:14 | Construir | Watch Tower |
| 15:15 | Crear | Villager (Male) |
| 15:16 | Crear | Villager (Male) |
| 15:20 | Construir | Blacksmith |
| 15:37 | Construir | Market |
| 15:46 | Construir | Palisade Wall |
| 16:06 | Investigar | Fletching |
| 16:28 | Construir | Mill |
| 16:37 | Construir | Palisade Wall |
| 16:42 | Crear | Villager (Male) |
| 16:59 | Construir | Palisade Wall |
| 17:02 | Investigar | Castle Age |
| 17:22 | Construir | Barracks |
| 17:52 | Crear | Spearman |
| 18:33 | Crear | Spearman |
| 19:14 | Crear | Spearman |
| 19:47 | Edad | Edad de los Castillos |
| 19:48 | Crear | Villager (Male) |
| 19:53 | Construir | Mining Camp |
| 20:03 | Construir | Town Center |
| 20:16 | Crear | Spearman |
| 20:37 | Crear | Spearman |
| 20:43 | Construir | Farm |
| 20:43 | Construir | Farm |
| 20:45 | Construir | Farm |
| 20:56 | Construir | Farm |
| 21:02 | Construir | Outpost |
| 21:12 | Construir | Farm |
| 21:16 | Construir | Farm |
| 21:39 | Crear | Villager (Male) |
| 22:07 | Construir | Castle |
| 22:08 | Crear | Villager (Male) |
| 22:17 | Construir | Palisade Wall |
| 22:23 | Construir | Palisade Wall |
| 22:28 | Construir | Palisade Gate |
| 22:31 | Construir | Palisade Wall |
| 22:32 | Construir | Palisade Wall |
| 22:47 | Crear | Villager (Male) |
| 23:15 | Construir | Farm |
| 23:16 | Construir | Farm |
| 23:17 | Crear | Villager (Male) |
| 23:32 | Construir | Farm |
| 24:09 | Construir | Mining Camp |
| 24:11 | Crear | Villager (Male) |
| 24:11 | Crear | Villager (Male) |
| 24:13 | Construir | Farm |
| 24:16 | Construir | Farm |
| 24:17 | Crear | Villager (Male) |
| 24:44 | Construir | Siege Workshop |
| 24:49 | Crear | War Wagon |
| 24:50 | Crear | Villager (Male) |
| 24:51 | Crear | Villager (Male) |
| 24:58 | Construir | Farm |
| 25:10 | Crear | Villager (Male) |
| 25:29 | Crear | War Wagon |
| 25:30 | Crear | Villager (Male) |
| 25:37 | Crear | Villager (Male) |
| 25:44 | Construir | Monastery |
| 25:46 | Crear | Villager (Male) |
| 26:02 | Crear | Villager (Male) |
| 26:22 | Crear | Iron Pagoda |
| 26:23 | Crear | Villager (Male) |
| 26:35 | Crear | Villager (Male) |
| 26:43 | Crear | Monk |
| 26:50 | Crear | Villager (Male) |
| 26:53 | Crear | Villager (Male) |
| 27:12 | Crear | Villager (Male) |
| 27:15 | Crear | Villager (Male) |
| 27:23 | Construir | Town Center |
| 27:39 | Crear | Villager (Male) |
| 28:19 | Crear | Iron Pagoda |
| 28:20 | Crear | Villager (Male) |
| 28:22 | Crear | War Wagon |
| 29:24 | Crear | Villager (Male) |
| 29:27 | Crear | Iron Pagoda |
| 29:31 | Crear | Villager (Male) |
| 29:32 | Crear | Villager (Male) |
| 29:33 | Crear | Villager (Male) |
| 29:39 | Construir | Farm |
| 29:40 | Construir | Farm |
| 29:42 | Construir | Farm |
| 29:42 | Crear | Villager (Male) |
| 29:46 | Crear | Villager (Male) |
| 30:00 | Crear | Villager (Male) |
Build order — [GDL] Hugo Logar
Primeras 150 de 381 acciones detectadas
| 0:17 | Construir | Town Center |
| 0:39 | Construir | House |
| 1:44 | Construir | House |
| 2:30 | Construir | House |
| 2:37 | Investigar | Loom |
| 2:38 | Crear | Villager (Male) ×4 |
| 3:54 | Crear | Villager (Male) |
| 3:55 | Crear | Villager (Male) |
| 4:28 | Crear | Villager (Male) |
| 5:26 | Crear | Villager (Male) |
| 5:27 | Crear | Villager (Male) |
| 5:27 | Crear | Villager (Male) |
| 5:43 | Construir | Lumber Camp |
| 5:47 | Construir | House |
| 6:09 | Crear | Villager (Male) |
| 6:09 | Crear | Villager (Male) |
| 7:48 | Crear | Villager (Male) |
| 7:48 | Crear | Villager (Male) |
| 7:49 | Crear | Villager (Male) |
| 7:49 | Crear | Villager (Male) |
| 7:54 | Construir | House |
| 8:01 | Crear | Villager (Male) |
| 8:01 | Crear | Villager (Male) |
| 8:20 | Crear | Villager (Male) |
| 8:53 | Construir | House |
| 8:54 | Construir | House |
| 9:16 | Construir | Mill |
| 10:38 | Investigar | Feudal Age |
| 10:52 | Crear | Villager (Male) |
| 10:52 | Crear | Villager (Male) |
| 10:52 | Crear | Villager (Male) |
| 11:03 | Construir | Mill |
| 12:30 | Construir | Barracks |
| 12:40 | Construir | House |
| 12:42 | Construir | House |
| 12:48 | Edad | Edad Feudal |
| 12:51 | Crear | Villager (Male) |
| 12:51 | Crear | Villager (Male) |
| 12:51 | Crear | Villager (Male) |
| 12:58 | Investigar | Double-Bit Axe |
| 13:03 | Construir | Stone Wall |
| 13:23 | Construir | Stone Wall |
| 13:29 | Construir | Gate |
| 14:15 | Crear | Villager (Male) |
| 14:26 | Construir | Stable |
| 15:11 | Construir | Blacksmith |
| 15:13 | Crear | Scout Cavalry ×5 |
| 15:16 | Crear | Scout Cavalry |
| 15:51 | Construir | House |
| 15:59 | Crear | Villager (Male) |
| 16:15 | Investigar | Scale Barding Armor |
| 16:27 | Investigar | Bloodlines |
| 16:31 | Crear | Scout Cavalry |
| 16:31 | Crear | Scout Cavalry |
| 16:31 | Crear | Scout Cavalry |
| 16:34 | Crear | Villager (Male) |
| 16:35 | Crear | Villager (Male) |
| 17:04 | Crear | Villager (Male) |
| 17:24 | Crear | Villager (Male) |
| 17:48 | Crear | Villager (Male) |
| 18:10 | Investigar | Forging |
| 18:26 | Crear | Villager (Male) |
| 18:29 | Crear | Scout Cavalry |
| 18:46 | Crear | Villager (Male) |
| 19:02 | Crear | Villager (Male) |
| 19:22 | Crear | Villager (Male) |
| 19:36 | Crear | Villager (Male) |
| 19:46 | Construir | House |
| 19:48 | Construir | House |
| 19:49 | Construir | House |
| 20:25 | Crear | Villager (Male) |
| 20:46 | Construir | Mill |
| 21:36 | Investigar | Castle Age |
| 21:43 | Construir | House |
| 21:44 | Construir | House |
| 22:24 | Construir | Farm |
| 22:24 | Construir | Farm |
| 22:24 | Construir | Farm |
| 22:25 | Construir | Farm |
| 22:25 | Construir | Farm |
| 22:25 | Construir | Farm |
| 22:52 | Crear | Villager (Male) |
| 23:30 | Crear | Villager (Male) |
| 23:55 | Construir | Farm |
| 23:57 | Construir | Farm |
| 23:57 | Construir | Farm |
| 23:59 | Construir | Farm |
| 24:03 | Crear | Villager (Male) |
| 24:16 | Crear | Villager (Male) |
| 24:16 | Edad | Edad de los Castillos |
| 24:21 | Crear | Villager (Male) |
| 24:32 | Construir | Town Center |
| 24:46 | Crear | Villager (Male) |
| 25:06 | Crear | Villager (Male) |
| 25:22 | Construir | Market |
| 25:39 | Crear | Villager (Male) |
| 25:39 | Crear | Villager (Male) |
| 25:39 | Crear | Villager (Male) |
| 25:50 | Construir | Farm |
| 25:50 | Construir | Farm |
| 25:51 | Construir | Farm |
| 25:51 | Construir | Farm |
| 25:51 | Construir | Farm |
| 25:52 | Construir | Farm |
| 25:58 | Crear | Villager (Male) |
| 26:08 | Construir | Town Center |
| 26:22 | Construir | Farm |
| 26:23 | Construir | Farm |
| 26:23 | Construir | Farm |
| 26:26 | Crear | Villager (Male) |
| 26:29 | Crear | Villager (Male) |
| 26:29 | Crear | Villager (Male) |
| 26:45 | Crear | Villager (Male) |
| 26:59 | Crear | Villager (Male) |
| 27:07 | Investigar | Wheelbarrow |
| 27:07 | Crear | Villager (Male) |
| 27:08 | Crear | Villager (Male) |
| 27:08 | Crear | Villager (Male) |
| 27:32 | Construir | Mining Camp |
| 28:03 | Crear | Villager (Male) |
| 28:03 | Crear | Villager (Male) |
| 28:20 | Crear | Villager (Male) |
| 28:21 | Crear | Villager (Male) |
| 28:23 | Crear | Villager (Male) |
| 28:23 | Crear | Villager (Male) |
| 28:32 | Investigar | Chain Barding Armor |
| 28:34 | Crear | Steppe Lancer ×5 |
| 28:53 | Crear | Villager (Male) |
| 29:18 | Crear | Steppe Lancer ×5 |
| 29:34 | Construir | Mining Camp |
| 29:39 | Crear | Villager (Male) |
| 29:39 | Crear | Villager (Male) |
| 29:42 | Crear | Villager (Male) |
| 29:42 | Crear | Villager (Male) |
| 29:43 | Crear | Villager (Male) |
| 29:48 | Investigar | Hand Cart |
| 29:59 | Crear | Steppe Lancer |
| 30:16 | Crear | Villager (Male) |
| 30:18 | Crear | Villager (Male) |
| 30:18 | Crear | Villager (Male) |
| 30:25 | Construir | Lumber Camp |
| 30:31 | Crear | Villager (Male) |
| 30:31 | Crear | Villager (Male) |
| 31:01 | Crear | Villager (Male) |
| 31:01 | Crear | Villager (Male) |
| 31:10 | Crear | Villager (Male) |
| 31:19 | Crear | Villager (Male) |
| 31:19 | Crear | Villager (Male) |
| 31:24 | Construir | House |
| 31:26 | Construir | House |
Build order — [GDL] Mochila Con Piedras
Primeras 150 de 496 acciones detectadas
| 0:22 | Construir | Town Center |
| 0:29 | Construir | House |
| 2:51 | Investigar | Loom |
| 2:52 | Crear | Villager (Male) |
| 3:15 | Construir | House |
| 3:25 | Construir | House |
| 3:33 | Crear | Villager (Male) |
| 3:33 | Crear | Villager (Male) |
| 3:34 | Crear | Villager (Male) |
| 3:38 | Construir | House |
| 4:25 | Crear | Villager (Male) |
| 4:48 | Construir | House |
| 5:04 | Crear | Villager (Male) |
| 5:04 | Crear | Villager (Male) |
| 5:23 | Construir | Lumber Camp |
| 6:10 | Crear | Villager (Male) |
| 6:10 | Crear | Villager (Male) |
| 6:11 | Crear | Villager (Male) |
| 7:21 | Crear | Villager (Male) |
| 7:41 | Construir | House |
| 7:44 | Crear | Villager (Male) |
| 8:13 | Construir | House |
| 8:28 | Crear | Villager (Male) |
| 8:28 | Crear | Villager (Male) |
| 8:28 | Crear | Villager (Male) |
| 8:38 | Construir | Mill |
| 8:40 | Crear | Villager (Male) |
| 8:43 | Construir | House |
| 8:54 | Crear | Villager (Male) |
| 9:02 | Construir | House |
| 9:04 | Construir | House |
| 9:20 | Construir | House |
| 9:44 | Construir | Palisade Wall |
| 10:15 | Crear | Villager (Male) |
| 10:40 | Construir | Palisade Wall |
| 10:44 | Construir | Palisade Wall |
| 10:48 | Construir | House |
| 10:57 | Crear | Villager (Male) |
| 10:58 | Construir | House |
| 11:05 | Crear | Villager (Male) |
| 11:29 | Investigar | Feudal Age |
| 11:31 | Crear | Villager (Male) |
| 11:53 | Construir | Barracks |
| 12:48 | Edad | Edad Feudal |
| 13:03 | Construir | Palisade Wall |
| 13:07 | Construir | House |
| 13:08 | Construir | Palisade Wall |
| 13:10 | Construir | Palisade Wall |
| 13:10 | Construir | Palisade Wall |
| 13:13 | Crear | Villager (Male) |
| 13:32 | Construir | Palisade Wall |
| 13:37 | Construir | Blacksmith |
| 13:49 | Crear | Villager (Male) |
| 13:49 | Crear | Villager (Male) |
| 13:50 | Crear | Villager (Male) |
| 14:01 | Construir | Palisade Wall |
| 14:01 | Construir | Palisade Wall |
| 14:02 | Construir | Palisade Wall |
| 14:03 | Construir | Palisade Wall |
| 14:03 | Construir | Palisade Wall |
| 14:10 | Construir | Mining Camp |
| 14:18 | Construir | Mining Camp |
| 14:25 | Construir | Palisade Wall |
| 14:25 | Construir | Palisade Wall |
| 14:58 | Construir | Market |
| 14:59 | Construir | Palisade Wall |
| 15:02 | Construir | Palisade Wall |
| 15:03 | Construir | Palisade Wall |
| 15:12 | Crear | Villager (Male) |
| 15:12 | Crear | Villager (Male) |
| 15:39 | Construir | Palisade Wall |
| 15:41 | Crear | Villager (Male) |
| 15:46 | Construir | Farm |
| 15:50 | Crear | Spearman |
| 16:06 | Construir | House |
| 16:10 | Construir | Palisade Wall |
| 16:11 | Crear | Villager (Male) |
| 16:22 | Construir | Palisade Gate |
| 16:41 | Crear | Spearman |
| 16:42 | Crear | Villager (Male) |
| 16:47 | Construir | Farm |
| 16:56 | Construir | Farm |
| 17:13 | Construir | Palisade Wall |
| 17:13 | Construir | Palisade Wall |
| 17:14 | Construir | Palisade Wall |
| 17:14 | Construir | Palisade Wall |
| 17:16 | Crear | Villager (Male) |
| 17:37 | Investigar | Castle Age |
| 17:44 | Construir | Palisade Wall |
| 17:45 | Construir | Palisade Wall |
| 17:51 | Construir | Mining Camp |
| 18:08 | Construir | House |
| 18:09 | Construir | Palisade Wall |
| 18:10 | Construir | Palisade Wall |
| 18:26 | Construir | Palisade Wall |
| 18:29 | Construir | Palisade Wall |
| 18:32 | Construir | Palisade Wall |
| 18:32 | Construir | Palisade Wall |
| 18:39 | Construir | Palisade Wall |
| 18:41 | Construir | Palisade Wall |
| 19:11 | Crear | Villager (Male) |
| 19:11 | Crear | Villager (Male) |
| 19:13 | Edad | Edad de los Castillos |
| 19:22 | Investigar | Double-Bit Axe |
| 19:37 | Crear | Villager (Male) |
| 19:49 | Construir | House |
| 19:53 | Construir | House |
| 19:59 | Construir | Palisade Wall |
| 20:00 | Construir | Palisade Wall |
| 20:08 | Crear | Villager (Male) |
| 20:17 | Crear | Spearman |
| 20:49 | Construir | Stable |
| 20:59 | Crear | Villager (Male) |
| 20:59 | Crear | Villager (Male) |
| 21:04 | Construir | Town Center |
| 21:35 | Crear | Villager (Male) |
| 21:48 | Crear | Knight |
| 21:48 | Crear | Knight |
| 21:58 | Construir | Stable |
| 22:00 | Construir | Palisade Wall |
| 22:04 | Construir | Palisade Wall |
| 22:13 | Construir | Farm |
| 22:13 | Construir | Farm |
| 22:13 | Construir | Farm |
| 22:13 | Construir | Farm |
| 22:14 | Construir | Farm |
| 22:14 | Construir | Farm |
| 22:16 | Crear | Villager (Male) |
| 22:16 | Crear | Villager (Male) |
| 22:34 | Crear | Villager (Male) |
| 22:49 | Construir | Castle |
| 22:59 | Construir | Farm |
| 22:59 | Construir | Farm |
| 22:59 | Construir | Farm |
| 23:31 | Crear | Knight |
| 23:31 | Crear | Knight |
| 23:32 | Crear | Villager (Male) |
| 23:32 | Crear | Villager (Male) |
| 23:39 | Construir | Farm |
| 23:39 | Construir | Farm |
| 23:39 | Construir | Farm |
| 23:39 | Construir | Farm |
| 23:48 | Construir | Farm |
| 23:50 | Crear | Villager (Male) |
| 23:54 | Construir | House |
| 23:55 | Construir | Palisade Wall |
| 23:56 | Construir | Palisade Wall |
| 24:18 | Crear | Villager (Male) |
| 24:38 | Crear | Knight |
| 24:39 | Crear | Knight |
Build order — GDL Aviña
Primeras 150 de 653 acciones detectadas
| 0:43 | Construir | Town Center |
| 2:06 | Construir | House |
| 2:07 | Construir | House |
| 2:51 | Crear | Villager (Male) |
| 2:52 | Crear | Villager (Male) |
| 2:52 | Crear | Villager (Male) |
| 3:08 | Crear | Villager (Male) |
| 3:56 | Crear | Villager (Male) |
| 4:36 | Crear | Villager (Male) |
| 4:38 | Crear | Villager (Male) |
| 5:19 | Construir | Lumber Camp |
| 5:22 | Crear | Villager (Male) |
| 5:22 | Crear | Villager (Male) |
| 5:43 | Construir | House |
| 5:57 | Construir | House |
| 6:18 | Crear | Villager (Male) |
| 6:43 | Crear | Villager (Male) |
| 6:43 | Crear | Villager (Male) |
| 6:48 | Construir | House |
| 6:59 | Crear | Villager (Male) |
| 7:00 | Crear | Villager (Male) |
| 7:00 | Crear | Villager (Male) |
| 7:14 | Crear | Villager (Male) |
| 7:25 | Investigar | Loom |
| 7:25 | Crear | Villager (Male) |
| 7:25 | Crear | Villager (Male) |
| 7:27 | Crear | Villager (Male) |
| 7:34 | Crear | Villager (Male) |
| 8:00 | Construir | House |
| 8:21 | Crear | Villager (Male) |
| 8:24 | Construir | House |
| 8:41 | Construir | House |
| 8:46 | Crear | Villager (Male) |
| 8:59 | Construir | House |
| 9:17 | Crear | Villager (Male) |
| 9:36 | Construir | Mill |
| 9:38 | Crear | Villager (Male) |
| 9:45 | Crear | Villager (Male) |
| 10:16 | Construir | House |
| 10:22 | Investigar | Feudal Age |
| 10:22 | Investigar | Feudal Age |
| 11:16 | Crear | Villager (Male) |
| 12:08 | Crear | Villager (Male) |
| 12:09 | Crear | Villager (Male) |
| 12:12 | Crear | Villager (Male) |
| 12:32 | Edad | Edad Feudal |
| 12:33 | Construir | Blacksmith |
| 12:35 | Construir | Market |
| 12:41 | Construir | House |
| 12:43 | Construir | Palisade Wall |
| 12:46 | Construir | Palisade Wall |
| 12:47 | Construir | Palisade Wall |
| 12:50 | Construir | Palisade Wall |
| 12:56 | Crear | Villager (Male) |
| 13:32 | Construir | House |
| 14:01 | Investigar | Castle Age |
| 15:06 | Construir | Palisade Wall |
| 15:22 | Construir | House |
| 15:24 | Construir | Palisade Wall |
| 15:36 | Investigar | Double-Bit Axe |
| 16:39 | Crear | Villager (Male) |
| 16:41 | Edad | Edad de los Castillos |
| 16:42 | Construir | Town Center |
| 16:45 | Construir | Town Center |
| 16:48 | Investigar | Bow Saw |
| 16:51 | Crear | Villager (Male) |
| 17:07 | Crear | Villager (Male) |
| 17:38 | Crear | Villager (Male) |
| 17:43 | Crear | Villager (Male) |
| 17:48 | Crear | Villager (Male) |
| 18:02 | Construir | Barracks |
| 18:06 | Crear | Villager (Male) |
| 18:06 | Crear | Villager (Male) |
| 18:06 | Crear | Villager (Male) |
| 18:28 | Crear | Villager (Male) |
| 18:38 | Crear | Villager (Male) |
| 18:43 | Construir | Farm |
| 18:45 | Construir | Farm |
| 18:48 | Construir | Farm |
| 18:49 | Construir | Farm |
| 18:55 | Crear | Villager (Male) |
| 18:59 | Crear | Villager (Male) |
| 19:02 | Construir | House |
| 19:04 | Crear | Villager (Male) |
| 19:09 | Construir | Farm |
| 19:11 | Construir | Farm |
| 19:13 | Crear | Villager (Male) |
| 19:17 | Crear | Villager (Male) |
| 19:23 | Crear | Villager (Male) |
| 19:36 | Construir | Stable |
| 19:44 | Crear | Villager (Male) |
| 19:49 | Crear | Villager (Male) |
| 19:57 | Crear | Villager (Male) |
| 20:07 | Crear | Villager (Male) |
| 20:10 | Crear | Villager (Male) |
| 20:24 | Construir | House |
| 20:31 | Crear | Villager (Male) |
| 20:35 | Construir | Stable |
| 20:36 | Crear | Camel Scout |
| 20:42 | Construir | House |
| 20:45 | Construir | House |
| 20:45 | Crear | Villager (Male) |
| 20:46 | Construir | Farm |
| 20:47 | Construir | Farm |
| 20:58 | Crear | Villager (Male) |
| 21:01 | Construir | Farm |
| 21:09 | Construir | Farm |
| 21:10 | Crear | Villager (Male) |
| 21:20 | Construir | Outpost |
| 21:21 | Construir | Outpost |
| 21:25 | Investigar | Town Watch |
| 21:25 | Crear | Villager (Male) |
| 21:25 | Crear | Villager (Male) |
| 21:31 | Construir | House |
| 21:33 | Crear | Camel Scout |
| 21:40 | Construir | Farm |
| 21:45 | Construir | Farm |
| 21:46 | Crear | Villager (Male) |
| 21:46 | Crear | Villager (Male) |
| 21:51 | Crear | Camel Scout |
| 21:55 | Crear | Villager (Male) |
| 22:07 | Construir | Palisade Gate |
| 22:20 | Crear | Villager (Male) |
| 22:22 | Crear | Villager (Male) |
| 22:24 | Construir | Farm |
| 22:24 | Construir | Farm |
| 22:25 | Construir | Farm |
| 22:32 | Crear | Camel Scout |
| 22:32 | Crear | Camel Scout |
| 22:38 | Construir | Farm |
| 22:40 | Crear | Villager (Male) |
| 22:44 | Construir | House |
| 22:47 | Construir | Farm |
| 22:52 | Crear | Villager (Male) |
| 23:03 | Crear | Villager (Male) |
| 23:06 | Construir | Outpost |
| 23:09 | Crear | Villager (Male) |
| 23:27 | Investigar | Scale Barding Armor |
| 23:32 | Crear | Villager (Male) |
| 23:33 | Construir | Farm |
| 23:34 | Construir | Farm |
| 23:39 | Crear | Camel Scout |
| 23:54 | Construir | Castle |
| 23:59 | Crear | Villager (Male) |
| 24:00 | Crear | Villager (Male) |
| 24:04 | Construir | Farm |
| 24:04 | Construir | Farm |
| 24:05 | Crear | Villager (Male) |
| 24:27 | Crear | Camel Scout |
| 24:29 | Crear | Villager (Male) |
Build order — CORP_RELP77
Primeras 150 de 448 acciones detectadas
| 0:07 | Construir | Town Center |
| 1:09 | Construir | House |
| 2:48 | Crear | Villager (Male) |
| 2:48 | Crear | Villager (Male) |
| 2:48 | Crear | Villager (Male) |
| 2:48 | Crear | Villager (Male) |
| 2:49 | Crear | Villager (Male) |
| 4:02 | Crear | Villager (Male) |
| 4:03 | Crear | Villager (Male) |
| 4:18 | Construir | House |
| 4:29 | Crear | Villager (Male) |
| 4:36 | Construir | House |
| 4:56 | Construir | House |
| 5:15 | Crear | Villager (Male) |
| 5:18 | Crear | Villager (Male) |
| 5:22 | Construir | Lumber Camp |
| 5:28 | Construir | Lumber Camp |
| 5:38 | Crear | Villager (Male) |
| 5:59 | Crear | Villager (Male) |
| 6:00 | Crear | Villager (Male) |
| 6:03 | Construir | House |
| 6:21 | Construir | House |
| 6:29 | Crear | Villager (Male) |
| 6:29 | Crear | Villager (Male) |
| 6:56 | Construir | House |
| 7:22 | Crear | Villager (Male) |
| 7:25 | Construir | House |
| 7:29 | Construir | Palisade Wall |
| 7:31 | Construir | Palisade Wall |
| 8:07 | Crear | Villager (Male) |
| 8:26 | Construir | House |
| 8:37 | Crear | Villager (Male) |
| 8:40 | Construir | House |
| 8:59 | Crear | Villager (Male) |
| 9:22 | Construir | Barracks |
| 9:30 | Investigar | Loom |
| 10:00 | Investigar | Feudal Age |
| 10:04 | Construir | House |
| 10:16 | Crear | Militia |
| 10:35 | Crear | Militia |
| 10:37 | Construir | House |
| 10:39 | Construir | Palisade Gate |
| 10:41 | Construir | Palisade Wall |
| 10:41 | Construir | Palisade Wall |
| 10:59 | Crear | Militia |
| 11:10 | Crear | Militia |
| 11:37 | Crear | Villager (Male) |
| 12:10 | Construir | Mill |
| 12:10 | Edad | Edad Feudal |
| 12:13 | Investigar | Man-at-Arms (upgrade) |
| 12:24 | Investigar | Arson |
| 12:42 | Crear | Villager (Male) |
| 13:02 | Crear | Villager (Male) |
| 13:30 | Crear | Villager (Male) |
| 13:41 | Construir | Archery Range |
| 13:58 | Investigar | Double-Bit Axe |
| 14:00 | Crear | Villager (Male) |
| 14:26 | Crear | Spearman |
| 14:28 | Crear | Villager (Male) |
| 14:29 | Crear | Villager (Male) |
| 14:40 | Construir | House |
| 14:41 | Construir | Palisade Wall |
| 14:45 | Construir | Palisade Wall |
| 14:47 | Construir | Palisade Wall |
| 14:53 | Crear | Spearman |
| 15:26 | Crear | Villager (Male) |
| 15:26 | Crear | Villager (Male) |
| 15:39 | Crear | Militia |
| 15:44 | Crear | Archer |
| 15:59 | Crear | Militia |
| 16:01 | Crear | Archer |
| 16:11 | Investigar | Arson |
| 16:12 | Crear | Villager (Male) |
| 16:19 | Construir | Mill |
| 16:58 | Crear | Archer |
| 17:02 | Crear | Villager (Male) |
| 17:06 | Construir | Blacksmith |
| 17:29 | Crear | Archer |
| 17:35 | Crear | Villager (Male) |
| 18:23 | Investigar | Castle Age |
| 18:26 | Construir | House |
| 18:45 | Crear | Archer |
| 18:49 | Crear | Spearman |
| 19:16 | Crear | Archer |
| 20:04 | Crear | Archer |
| 20:24 | Construir | House |
| 20:25 | Construir | Palisade Wall |
| 20:45 | Crear | Villager (Male) |
| 20:45 | Crear | Villager (Male) |
| 21:03 | Edad | Edad de los Castillos |
| 21:05 | Construir | Town Center |
| 21:08 | Construir | Town Center |
| 21:35 | Crear | Villager (Male) |
| 21:59 | Crear | Archer |
| 22:01 | Crear | Villager (Male) |
| 22:07 | Investigar | Bow Saw |
| 22:21 | Crear | Villager (Male) |
| 22:22 | Crear | Villager (Male) |
| 22:24 | Crear | Villager (Male) |
| 22:24 | Crear | Villager (Male) |
| 22:28 | Construir | Monastery |
| 22:51 | Investigar | Fletching |
| 22:52 | Investigar | Crossbowman (upgrade) |
| 23:11 | Crear | Archer |
| 23:17 | Crear | Monk |
| 23:28 | Crear | Villager (Male) |
| 23:28 | Crear | Villager (Male) |
| 23:48 | Crear | Villager (Male) |
| 23:52 | Construir | Town Center |
| 24:12 | Construir | Farm |
| 24:13 | Construir | Farm |
| 24:55 | Construir | Farm |
| 24:56 | Construir | Farm |
| 24:58 | Construir | Farm |
| 25:01 | Construir | Farm |
| 25:01 | Construir | Farm |
| 25:01 | Construir | Farm |
| 25:02 | Construir | Farm |
| 25:12 | Construir | Mill |
| 25:33 | Crear | Villager (Male) |
| 25:33 | Crear | Villager (Male) |
| 25:36 | Construir | Archery Range |
| 25:50 | Crear | Archer |
| 25:50 | Crear | Archer |
| 25:55 | Crear | Villager (Male) |
| 26:09 | Crear | Villager (Male) |
| 26:09 | Crear | Villager (Male) |
| 26:21 | Construir | Farm |
| 26:21 | Construir | Farm |
| 26:23 | Construir | Farm |
| 26:25 | Crear | Villager (Male) |
| 26:35 | Crear | Archer |
| 26:35 | Crear | Archer |
| 26:35 | Crear | Archer |
| 26:39 | Construir | University |
| 27:36 | Crear | Villager (Male) |
| 27:36 | Crear | Villager (Male) |
| 27:40 | Investigar | Ballistics |
| 28:03 | Crear | Archer |
| 28:03 | Crear | Archer |
| 28:04 | Crear | Villager (Male) |
| 28:04 | Crear | Villager (Male) |
| 28:04 | Crear | Villager (Male) |
| 28:05 | Crear | Villager (Male) |
| 28:13 | Construir | Lumber Camp |
| 28:30 | Crear | Archer |
| 28:30 | Crear | Archer |
| 28:31 | Crear | Archer |
| 28:52 | Investigar | Padded Archer Armor |
| 28:55 | Investigar | Bodkin Arrow |
Build order — |GDL| "V" 4Vendetta
Primeras 150 de 285 acciones detectadas
| 0:21 | Construir | Town Center |
| 2:44 | Crear | Villager (Male) |
| 2:44 | Crear | Villager (Male) |
| 2:44 | Crear | Villager (Male) |
| 2:44 | Crear | Villager (Male) |
| 3:42 | Construir | House |
| 3:43 | Construir | House |
| 3:49 | Investigar | Loom |
| 3:49 | Crear | Villager (Male) ×2 |
| 4:20 | Crear | Villager (Male) |
| 4:21 | Crear | Villager (Male) |
| 4:51 | Crear | Villager (Male) |
| 5:09 | Construir | House |
| 5:17 | Crear | Villager (Male) |
| 5:17 | Crear | Villager (Male) |
| 5:22 | Construir | House |
| 5:33 | Construir | Palisade Wall |
| 5:40 | Construir | Palisade Wall |
| 5:55 | Crear | Villager (Male) |
| 5:55 | Crear | Villager (Male) |
| 6:15 | Crear | Villager (Male) |
| 6:15 | Crear | Villager (Male) |
| 6:28 | Construir | Lumber Camp |
| 6:37 | Crear | Villager (Male) |
| 6:37 | Crear | Villager (Male) |
| 7:15 | Crear | Villager (Male) |
| 7:16 | Crear | Villager (Male) |
| 7:16 | Crear | Villager (Male) |
| 7:16 | Crear | Villager (Male) |
| 7:30 | Construir | House |
| 7:49 | Construir | Palisade Wall |
| 8:01 | Crear | Villager (Male) |
| 8:09 | Crear | Villager (Male) |
| 8:10 | Crear | Villager (Male) |
| 8:10 | Crear | Villager (Male) |
| 8:21 | Crear | Villager (Male) |
| 8:21 | Crear | Villager (Male) |
| 8:40 | Construir | Mill |
| 9:23 | Crear | Villager (Male) |
| 10:04 | Construir | House |
| 10:25 | Construir | Mill |
| 10:58 | Investigar | Feudal Age |
| 12:18 | Crear | Villager (Male) |
| 12:43 | Crear | Villager (Male) |
| 13:29 | Edad | Edad Feudal |
| 13:30 | Construir | Market |
| 13:32 | Construir | Blacksmith |
| 14:11 | Investigar | Castle Age |
| 14:11 | Investigar | Castle Age |
| 14:18 | Construir | Palisade Wall |
| 14:26 | Investigar | Double-Bit Axe |
| 14:42 | Construir | House |
| 16:15 | Crear | Villager (Male) |
| 16:33 | Crear | Villager (Male) |
| 16:51 | Edad | Edad de los Castillos |
| 16:52 | Construir | Town Center |
| 17:04 | Crear | Villager (Male) |
| 17:05 | Crear | Villager (Male) |
| 17:39 | Construir | Town Center |
| 17:43 | Crear | Villager (Male) |
| 17:43 | Crear | Villager (Male) |
| 17:44 | Crear | Villager (Male) |
| 17:44 | Crear | Villager (Male) |
| 17:44 | Crear | Villager (Male) |
| 17:44 | Crear | Villager (Male) |
| 17:44 | Crear | Villager (Male) |
| 17:58 | Investigar | Bow Saw |
| 18:11 | Crear | Villager (Male) |
| 18:37 | Crear | Villager (Male) |
| 18:49 | Crear | Villager (Male) |
| 18:52 | Construir | Farm |
| 18:54 | Construir | Farm |
| 19:14 | Crear | Villager (Male) |
| 19:22 | Crear | Villager (Male) |
| 19:27 | Construir | Farm |
| 19:44 | Crear | Villager (Male) |
| 19:44 | Crear | Villager (Male) |
| 19:44 | Crear | Villager (Male) |
| 19:45 | Crear | Villager (Male) |
| 19:55 | Construir | Farm |
| 19:57 | Construir | House |
| 20:02 | Construir | House |
| 20:26 | Construir | House |
| 20:27 | Construir | House |
| 20:31 | Construir | House |
| 20:39 | Crear | Villager (Male) |
| 20:39 | Crear | Villager (Male) |
| 20:39 | Crear | Villager (Male) |
| 20:40 | Crear | Villager (Male) |
| 20:40 | Crear | Villager (Male) |
| 20:40 | Crear | Villager (Male) |
| 20:40 | Crear | Villager (Male) |
| 20:43 | Construir | Farm |
| 20:47 | Investigar | Town Watch |
| 20:49 | Construir | House |
| 20:50 | Construir | House |
| 21:13 | Construir | Barracks |
| 21:34 | Construir | Town Center |
| 21:39 | Crear | Villager (Male) ×5 |
| 22:08 | Construir | House |
| 22:30 | Construir | Siege Workshop |
| 23:02 | Crear | Battering Ram ×5 |
| 23:03 | Crear | Villager (Male) |
| 23:03 | Crear | Villager (Male) |
| 23:04 | Crear | Villager (Male) |
| 23:04 | Crear | Villager (Male) |
| 23:13 | Investigar | Horse Collar |
| 23:26 | Crear | Villager (Male) |
| 23:26 | Crear | Villager (Male) |
| 23:42 | Construir | Farm |
| 23:43 | Construir | Farm |
| 24:12 | Construir | Archery Range |
| 24:14 | Construir | Archery Range |
| 24:41 | Crear | Mangonel |
| 24:44 | Crear | Villager (Male) |
| 24:44 | Crear | Villager (Male) |
| 25:24 | Construir | Castle |
| 26:09 | Crear | Battering Ram |
| 26:18 | Investigar | Crossbowman (upgrade) |
| 26:18 | Investigar | Thumb Ring |
| 26:28 | Crear | Villager (Male) |
| 26:28 | Crear | Villager (Male) |
| 26:31 | Construir | Mining Camp |
| 26:42 | Crear | Battering Ram |
| 26:58 | Crear | Villager (Male) |
| 26:58 | Crear | Villager (Male) |
| 26:59 | Crear | Villager (Male) |
| 26:59 | Crear | Villager (Male) |
| 27:06 | Construir | Lumber Camp |
| 27:19 | Construir | House |
| 27:20 | Construir | House |
| 29:08 | Construir | Castle |
| 29:26 | Investigar | Wheelbarrow |
| 29:32 | Construir | Town Center |
| 29:36 | Construir | Farm |
| 29:36 | Construir | Farm |
| 29:36 | Construir | Farm |
| 29:36 | Construir | Farm |
| 29:36 | Construir | Farm |
| 29:37 | Construir | Farm |
| 29:37 | Construir | Farm |
| 29:37 | Construir | Farm |
| 29:37 | Construir | Farm |
| 29:37 | Construir | Farm |
| 29:38 | Construir | Farm |
| 29:38 | Construir | Farm |
| 29:38 | Construir | Farm |
| 29:48 | Investigar | Fletching |
| 29:57 | Construir | Farm |
| 30:01 | Construir | Farm |
Build order — [GDL] Snicker
Primeras 150 de 465 acciones detectadas
| 0:22 | Construir | Town Center |
| 1:40 | Construir | House |
| 2:33 | Crear | Villager (Male) |
| 2:33 | Crear | Villager (Male) |
| 2:33 | Crear | Villager (Male) |
| 2:34 | Crear | Villager (Male) |
| 2:34 | Crear | Villager (Male) |
| 2:42 | Construir | House |
| 3:37 | Crear | Villager (Male) |
| 4:34 | Construir | House |
| 4:42 | Crear | Villager (Male) |
| 4:48 | Construir | Lumber Camp |
| 5:09 | Construir | Lumber Camp |
| 5:14 | Crear | Villager (Male) |
| 5:17 | Crear | Villager (Male) |
| 5:18 | Crear | Villager (Male) |
| 5:44 | Crear | Villager (Male) |
| 5:49 | Construir | House |
| 5:51 | Construir | House |
| 5:53 | Crear | Villager (Male) |
| 6:14 | Construir | House |
| 6:37 | Crear | Villager (Male) |
| 6:41 | Construir | House |
| 6:53 | Crear | Villager (Male) |
| 6:57 | Construir | House |
| 7:11 | Construir | House |
| 7:27 | Crear | Villager (Male) |
| 7:44 | Crear | Villager (Male) |
| 7:59 | Crear | Villager (Male) |
| 7:59 | Crear | Villager (Male) |
| 8:00 | Crear | Villager (Male) |
| 8:46 | Construir | Mill |
| 8:55 | Crear | Villager (Male) |
| 8:55 | Crear | Villager (Male) |
| 8:58 | Crear | Villager (Male) |
| 9:22 | Investigar | Loom |
| 10:13 | Investigar | Feudal Age |
| 10:47 | Construir | Palisade Wall |
| 10:51 | Construir | Palisade Wall |
| 11:01 | Construir | Palisade Wall |
| 11:06 | Construir | Palisade Wall |
| 12:17 | Crear | Villager (Male) |
| 12:18 | Crear | Villager (Male) |
| 12:22 | Construir | Barracks |
| 12:24 | Edad | Edad Feudal |
| 12:27 | Construir | Watch Tower |
| 12:32 | Construir | House |
| 12:44 | Construir | Palisade Wall |
| 12:52 | Crear | Villager (Male) |
| 13:26 | Construir | Stable |
| 13:29 | Crear | Villager (Male) |
| 13:41 | Investigar | Double-Bit Axe |
| 13:42 | Crear | Villager (Male) |
| 14:22 | Crear | Scout Cavalry |
| 14:27 | Construir | House |
| 14:37 | Crear | Villager (Male) |
| 14:38 | Crear | Villager (Male) |
| 15:04 | Construir | Blacksmith |
| 15:09 | Crear | Scout Cavalry |
| 15:10 | Crear | Scout Cavalry |
| 15:28 | Construir | Mining Camp |
| 15:39 | Construir | House |
| 15:42 | Construir | Palisade Wall |
| 15:45 | Construir | House |
| 15:51 | Investigar | Scale Barding Armor |
| 15:52 | Investigar | Forging |
| 15:55 | Crear | Villager (Male) |
| 16:00 | Construir | House |
| 16:02 | Construir | House |
| 16:21 | Construir | Farm |
| 16:26 | Construir | Farm |
| 16:28 | Construir | Farm |
| 16:34 | Construir | Farm |
| 16:45 | Construir | House |
| 16:48 | Construir | House |
| 16:50 | Construir | House |
| 16:59 | Crear | Scout Cavalry |
| 17:42 | Construir | Farm |
| 17:43 | Construir | Farm |
| 17:44 | Construir | Farm |
| 17:44 | Construir | Farm |
| 17:46 | Construir | Farm |
| 18:16 | Crear | Scout Cavalry |
| 18:17 | Crear | Scout Cavalry |
| 18:42 | Crear | Villager (Male) |
| 18:43 | Crear | Villager (Male) |
| 18:54 | Construir | Mining Camp |
| 19:10 | Crear | Scout Cavalry |
| 19:10 | Crear | Scout Cavalry |
| 19:29 | Construir | Mill |
| 19:36 | Crear | Villager (Male) |
| 19:51 | Investigar | Bloodlines |
| 20:42 | Construir | House |
| 20:43 | Construir | Stone Wall |
| 21:00 | Construir | Palisade Wall |
| 22:16 | Crear | Villager (Male) |
| 22:17 | Crear | Villager (Male) |
| 23:06 | Crear | Villager (Male) |
| 23:34 | Construir | Palisade Wall |
| 23:56 | Investigar | Castle Age |
| 24:52 | Construir | Mining Camp |
| 25:43 | Investigar | Horse Collar |
| 26:36 | Edad | Edad de los Castillos |
| 26:41 | Crear | Villager (Male) |
| 26:42 | Crear | Villager (Male) |
| 26:54 | Construir | Town Center |
| 27:25 | Crear | Villager (Male) |
| 28:12 | Construir | Town Center |
| 28:57 | Crear | Villager (Male) |
| 28:57 | Crear | Villager (Male) |
| 29:06 | Construir | Farm |
| 29:06 | Construir | Farm |
| 29:06 | Construir | Farm |
| 29:07 | Construir | Farm |
| 29:07 | Construir | Farm |
| 29:07 | Construir | Farm |
| 29:08 | Construir | Farm |
| 29:32 | Construir | House |
| 29:36 | Construir | Palisade Wall |
| 29:42 | Construir | House |
| 30:12 | Crear | Villager (Male) |
| 30:13 | Crear | Villager (Male) |
| 30:13 | Crear | Villager (Male) |
| 30:26 | Crear | Villager (Male) |
| 30:41 | Construir | House |
| 31:04 | Construir | Stone Wall |
| 31:08 | Crear | Villager (Male) |
| 31:13 | Crear | Villager (Male) |
| 31:14 | Crear | Villager (Male) |
| 31:14 | Crear | Villager (Male) |
| 31:17 | Crear | Villager (Male) |
| 31:27 | Construir | Mining Camp |
| 31:37 | Construir | Market |
| 31:49 | Crear | Villager (Male) |
| 32:07 | Crear | Villager (Male) |
| 32:08 | Crear | Villager (Male) |
| 32:08 | Crear | Villager (Male) |
| 32:44 | Crear | Villager (Male) |
| 32:44 | Crear | Villager (Male) |
| 32:56 | Construir | Town Center |
| 33:03 | Construir | Town Center |
| 33:06 | Crear | Villager (Male) |
| 33:41 | Crear | Villager (Male) |
| 33:41 | Crear | Villager (Male) |
| 33:41 | Crear | Villager (Male) |
| 33:51 | Crear | Villager (Male) |
| 33:52 | Crear | Villager (Male) |
| 34:13 | Crear | Villager (Male) |
| 34:13 | Crear | Villager (Male) |
| 34:13 | Crear | Villager (Male) |
Build order — [GDL] Soy Un RUFIAN
Primeras 150 de 397 acciones detectadas
| 0:06 | Construir | Town Center |
| 2:41 | Crear | Villager (Male) |
| 2:42 | Crear | Villager (Male) |
| 2:42 | Crear | Villager (Male) |
| 2:43 | Crear | Villager (Male) |
| 2:43 | Crear | Villager (Male) |
| 3:13 | Construir | House |
| 4:01 | Construir | House |
| 4:04 | Investigar | Loom |
| 4:13 | Crear | Villager (Male) |
| 4:14 | Crear | Villager (Male) |
| 4:28 | Crear | Villager (Male) |
| 4:29 | Crear | Villager (Male) |
| 4:30 | Crear | Villager (Male) |
| 4:30 | Crear | Villager (Male) |
| 5:01 | Construir | House |
| 5:19 | Construir | House |
| 5:27 | Crear | Villager (Male) |
| 5:27 | Crear | Villager (Male) |
| 5:39 | Crear | Villager (Male) |
| 5:39 | Crear | Villager (Male) |
| 6:05 | Crear | Villager (Male) |
| 6:05 | Crear | Villager (Male) |
| 6:26 | Crear | Villager (Male) |
| 6:31 | Construir | House |
| 6:37 | Construir | House |
| 7:06 | Crear | Villager (Male) |
| 7:08 | Crear | Villager (Male) |
| 7:21 | Crear | Villager (Male) |
| 7:21 | Crear | Villager (Male) |
| 7:34 | Crear | Villager (Male) |
| 7:34 | Crear | Villager (Male) |
| 7:40 | Construir | Lumber Camp |
| 8:07 | Crear | Villager (Male) |
| 8:07 | Crear | Villager (Male) |
| 8:08 | Crear | Villager (Male) |
| 8:18 | Crear | Villager (Male) |
| 8:18 | Crear | Villager (Male) |
| 8:39 | Crear | Villager (Male) |
| 8:51 | Crear | Villager (Male) |
| 8:51 | Crear | Villager (Male) |
| 9:00 | Construir | House |
| 9:08 | Crear | Villager (Male) |
| 9:09 | Crear | Villager (Male) |
| 9:15 | Construir | House |
| 9:32 | Crear | Villager (Male) |
| 9:32 | Crear | Villager (Male) |
| 9:32 | Crear | Villager (Male) |
| 10:01 | Crear | Villager (Male) |
| 10:01 | Crear | Villager (Male) |
| 10:04 | Crear | Villager (Male) |
| 10:04 | Crear | Villager (Male) |
| 11:07 | Construir | Mill |
| 11:50 | Investigar | Feudal Age |
| 12:10 | Construir | Barracks |
| 12:46 | Crear | Villager (Male) |
| 12:50 | Crear | Villager (Male) |
| 13:09 | Construir | Mining Camp |
| 14:02 | Construir | Palisade Wall |
| 14:03 | Construir | House |
| 14:05 | Edad | Edad Feudal |
| 14:25 | Investigar | Double-Bit Axe |
| 14:26 | Crear | Villager (Male) |
| 14:40 | Crear | Villager (Male) |
| 15:24 | Crear | Villager (Male) |
| 15:27 | Construir | Stable |
| 15:54 | Crear | Villager (Male) |
| 16:11 | Construir | Blacksmith |
| 16:12 | Crear | Scout Cavalry |
| 16:46 | Investigar | Bloodlines |
| 16:46 | Investigar | Bloodlines |
| 16:54 | Crear | Villager (Male) |
| 16:58 | Crear | Scout Cavalry |
| 17:01 | Investigar | Scale Barding Armor |
| 17:21 | Crear | Villager (Male) |
| 17:25 | Construir | Farm |
| 17:27 | Construir | Farm |
| 17:28 | Construir | Farm |
| 17:37 | Crear | Scout Cavalry |
| 17:50 | Crear | Villager (Male) |
| 17:55 | Construir | Farm |
| 17:57 | Construir | Farm |
| 18:10 | Construir | Mining Camp |
| 18:15 | Crear | Villager (Male) |
| 18:29 | Crear | Villager (Male) |
| 18:38 | Construir | Farm |
| 18:44 | Crear | Villager (Male) |
| 18:46 | Crear | Scout Cavalry |
| 18:56 | Investigar | Forging |
| 19:02 | Construir | Farm |
| 19:03 | Construir | Farm |
| 19:08 | Construir | Farm |
| 19:09 | Crear | Villager (Male) |
| 19:12 | Crear | Villager (Male) |
| 19:15 | Crear | Villager (Male) |
| 19:44 | Construir | Farm |
| 19:45 | Construir | Farm |
| 19:51 | Crear | Villager (Male) |
| 20:36 | Construir | Farm |
| 20:37 | Construir | Farm |
| 20:48 | Construir | House |
| 20:49 | Construir | House |
| 21:15 | Construir | Farm |
| 21:34 | Investigar | Castle Age |
| 21:36 | Construir | Mill |
| 21:41 | Construir | Mill |
| 21:56 | Construir | House |
| 21:59 | Construir | Palisade Wall |
| 22:12 | Construir | Palisade Gate |
| 22:43 | Investigar | Scale Mail Armor |
| 22:46 | Crear | Spearman |
| 23:13 | Construir | Watch Tower |
| 23:20 | Crear | Spearman |
| 23:39 | Construir | Palisade Wall |
| 23:47 | Crear | Spearman |
| 24:10 | Investigar | Fletching |
| 24:14 | Edad | Edad de los Castillos |
| 24:20 | Investigar | Chain Mail Armor |
| 24:36 | Construir | Watch Tower |
| 24:37 | Crear | Villager (Male) |
| 24:38 | Crear | Villager (Male) |
| 24:52 | Investigar | Bodkin Arrow |
| 25:01 | Crear | Villager (Male) |
| 25:36 | Investigar | Bow Saw |
| 25:37 | Crear | Villager (Male) |
| 25:50 | Construir | Market |
| 26:18 | Crear | Villager (Male) |
| 26:19 | Crear | Villager (Male) |
| 26:20 | Construir | Farm |
| 27:05 | Crear | Villager (Male) |
| 27:15 | Construir | House |
| 27:18 | Construir | House |
| 27:55 | Construir | Market |
| 28:56 | Crear | Villager (Male) |
| 29:22 | Crear | Villager (Male) |
| 29:27 | Construir | Town Center |
| 30:21 | Crear | Villager (Male) |
| 30:41 | Construir | Palisade Gate |
| 31:17 | Crear | Villager (Male) |
| 31:50 | Crear | Villager (Male) |
| 31:59 | Crear | Villager (Male) |
| 32:54 | Crear | Villager (Male) |
| 32:55 | Crear | Villager (Male) |
| 32:55 | Crear | Villager (Male) |
| 32:57 | Crear | Villager (Male) |
| 32:57 | Crear | Villager (Male) |
| 33:09 | Investigar | Town Watch |
| 33:11 | Crear | Villager (Male) |
| 33:40 | Crear | Villager (Male) |
| 33:49 | Construir | Mill |
Cronología de la partida
| 2:20 | [GDL] Pardox · wall_segment Palisade Wall x1 |
| 3:16 | [GDL] Pardox · wall_segment Palisade Wall x2 |
| 3:19 | [GDL] Pardox · wall_segment Palisade Wall x1 |
| 5:33 | |GDL| "V" 4Vendetta · wall_segment Palisade Wall x1 |
| 5:40 | |GDL| "V" 4Vendetta · wall_segment Palisade Wall x1 |
| 7:29 | CORP_RELP77 · wall_segment Palisade Wall x4 |
| 7:31 | CORP_RELP77 · wall_segment Palisade Wall x1 |
| 7:49 | |GDL| "V" 4Vendetta · wall_segment Palisade Wall x1 |
| 9:22 | CORP_RELP77 · first_building Barracks |
| 9:44 | [GDL] Mochila Con Piedras · wall_segment Palisade Wall x4 |
| 9:50 | [GDL] Pardox · wall_segment Palisade Wall x3 |
| 10:23 | [GDL] Pardox · wall_segment Palisade Wall x3 |
| 10:40 | [GDL] Mochila Con Piedras · wall_segment Palisade Wall x1 |
| 10:41 | CORP_RELP77 · wall_segment Palisade Wall x2 |
| 10:41 | CORP_RELP77 · wall_segment Palisade Wall x1 |
| 10:44 | [GDL] Mochila Con Piedras · wall_segment Palisade Wall x1 |
| 10:47 | [GDL] Snicker · wall_segment Palisade Wall x5 |
| 10:51 | [GDL] Snicker · wall_segment Palisade Wall x4 |
| 11:01 | [GDL] Snicker · wall_segment Palisade Wall x4 |
| 11:06 | [GDL] Snicker · wall_segment Palisade Wall x5 |
| 11:32 | [GDL] Pardox · wall_segment Palisade Wall x6 |
| 11:53 | [GDL] Mochila Con Piedras · first_building Barracks |
| 12:10 | CORP_RELP77 · age_up feudal |
| 12:10 | [GDL] Soy Un RUFIAN · first_building Barracks |
| 12:22 | [GDL] Snicker · first_building Barracks |
| 12:24 | [GDL] Snicker · age_up feudal |
| 12:30 | [GDL] Hugo Logar · first_building Barracks |
| 12:32 | GDL Aviña · age_up feudal |
| 12:43 | GDL Aviña · wall_segment Palisade Wall x1 |
| 12:44 | [GDL] Snicker · wall_segment Palisade Wall x2 |
| 12:46 | GDL Aviña · wall_segment Palisade Wall x1 |
| 12:47 | GDL Aviña · wall_segment Palisade Wall x1 |
| 12:48 | [GDL] Mochila Con Piedras · age_up feudal |
| 12:48 | [GDL] Hugo Logar · age_up feudal |
| 12:50 | GDL Aviña · wall_segment Palisade Wall x5 |
| 13:03 | [GDL] Mochila Con Piedras · wall_segment Palisade Wall x4 |
| 13:03 | [GDL] Hugo Logar · wall_segment Stone Wall x1 |
| 13:08 | [GDL] Mochila Con Piedras · wall_segment Palisade Wall x1 |
| 13:10 | [GDL] Mochila Con Piedras · wall_segment Palisade Wall x1 |
| 13:10 | [GDL] Mochila Con Piedras · wall_segment Palisade Wall x1 |
| 13:23 | [GDL] Hugo Logar · wall_segment Stone Wall x4 |
| 13:26 | [GDL] Snicker · first_building Stable |
| 13:29 | |GDL| "V" 4Vendetta · age_up feudal |
| 13:32 | [GDL] Mochila Con Piedras · wall_segment Palisade Wall x6 |
| 13:35 | [GDL] Pardox · wall_segment Palisade Wall x1 |
| 13:37 | [GDL] Pardox · wall_segment Palisade Wall x1 |
| 13:39 | [GDL] Pardox · wall_segment Palisade Wall x1 |
| 13:40 | [GDL] Pardox · wall_segment Palisade Wall x1 |
| 13:41 | CORP_RELP77 · first_building Archery Range |
| 13:51 | [GDL] Pardox · age_up feudal |
| 14:01 | [GDL] Mochila Con Piedras · wall_segment Palisade Wall x1 |
| 14:01 | [GDL] Mochila Con Piedras · wall_segment Palisade Wall x1 |
| 14:02 | [GDL] Soy Un RUFIAN · wall_segment Palisade Wall x4 |
| 14:02 | [GDL] Mochila Con Piedras · wall_segment Palisade Wall x1 |
| 14:03 | [GDL] Mochila Con Piedras · wall_segment Palisade Wall x1 |
| 14:03 | [GDL] Mochila Con Piedras · wall_segment Palisade Wall x1 |
| 14:05 | [GDL] Soy Un RUFIAN · age_up feudal |
| 14:18 | |GDL| "V" 4Vendetta · wall_segment Palisade Wall x6 |
| 14:25 | [GDL] Mochila Con Piedras · wall_segment Palisade Wall x1 |
| 14:25 | [GDL] Mochila Con Piedras · wall_segment Palisade Wall x1 |
| 14:26 | [GDL] Hugo Logar · first_building Stable |
| 14:40 | [GDL] Pardox · wall_segment Palisade Wall x1 |
| 14:41 | [GDL] Pardox · wall_segment Palisade Wall x1 |
| 14:41 | CORP_RELP77 · wall_segment Palisade Wall x7 |
| 14:43 | [GDL] Pardox · wall_segment Palisade Wall x1 |
| 14:45 | [GDL] Pardox · wall_segment Palisade Wall x1 |
| 14:45 | CORP_RELP77 · wall_segment Palisade Wall x1 |
| 14:47 | CORP_RELP77 · wall_segment Palisade Wall x7 |
| 14:48 | [GDL] Pardox · wall_segment Palisade Wall x1 |
| 14:49 | [GDL] Pardox · wall_segment Palisade Wall x1 |
| 14:59 | [GDL] Mochila Con Piedras · wall_segment Palisade Wall x1 |
| 15:01 | [GDL] Pardox · wall_segment Palisade Wall x1 |
| 15:02 | [GDL] Mochila Con Piedras · wall_segment Palisade Wall x1 |
| 15:03 | [GDL] Mochila Con Piedras · wall_segment Palisade Wall x1 |
| 15:03 | [GDL] Pardox · wall_segment Palisade Wall x1 |
| 15:06 | [GDL] Pardox · wall_segment Palisade Wall x1 |
| 15:06 | GDL Aviña · wall_segment Palisade Wall x1 |
| 15:24 | GDL Aviña · wall_segment Palisade Wall x2 |
| 15:27 | [GDL] Soy Un RUFIAN · first_building Stable |
| 15:39 | [GDL] Mochila Con Piedras · wall_segment Palisade Wall x1 |
| 15:42 | [GDL] Snicker · wall_segment Palisade Wall x5 |
| 15:46 | [GDL] Pardox · wall_segment Palisade Wall x1 |
| 16:10 | [GDL] Mochila Con Piedras · wall_segment Palisade Wall x4 |
| 16:37 | [GDL] Pardox · wall_segment Palisade Wall x1 |
| 16:41 | GDL Aviña · age_up castle |
| 16:44 | [GDL] Pardox · first_market_sell 100 wood |
| 16:51 | |GDL| "V" 4Vendetta · age_up castle |
| 16:59 | [GDL] Pardox · wall_segment Palisade Wall x1 |
| 17:13 | [GDL] Mochila Con Piedras · wall_segment Palisade Wall x1 |
| 17:13 | [GDL] Mochila Con Piedras · wall_segment Palisade Wall x1 |
| 17:14 | [GDL] Mochila Con Piedras · wall_segment Palisade Wall x1 |
| 17:14 | [GDL] Mochila Con Piedras · wall_segment Palisade Wall x1 |
| 17:22 | [GDL] Pardox · first_building Barracks |
| 17:36 | [GDL] Mochila Con Piedras · first_market_sell 100 food |
| 17:44 | [GDL] Mochila Con Piedras · wall_segment Palisade Wall x1 |
| 17:45 | [GDL] Mochila Con Piedras · wall_segment Palisade Wall x1 |
| 18:02 | GDL Aviña · first_building Barracks |
| 18:09 | [GDL] Mochila Con Piedras · wall_segment Palisade Wall x1 |
| 18:10 | [GDL] Mochila Con Piedras · wall_segment Palisade Wall x1 |
| 18:26 | [GDL] Mochila Con Piedras · wall_segment Palisade Wall x1 |
| 18:29 | [GDL] Mochila Con Piedras · wall_segment Palisade Wall x1 |
| 18:32 | [GDL] Mochila Con Piedras · wall_segment Palisade Wall x1 |
| 18:32 | [GDL] Mochila Con Piedras · wall_segment Palisade Wall x1 |
| 18:39 | [GDL] Mochila Con Piedras · wall_segment Palisade Wall x1 |
| 18:41 | [GDL] Mochila Con Piedras · wall_segment Palisade Wall x1 |
| 18:59 | GDL Aviña · first_market_buy 100 food |
| 19:13 | [GDL] Mochila Con Piedras · age_up castle |
| 19:36 | GDL Aviña · first_building Stable |
| 19:47 | [GDL] Pardox · age_up castle |
| 19:59 | [GDL] Mochila Con Piedras · wall_segment Palisade Wall x1 |
| 20:00 | [GDL] Mochila Con Piedras · wall_segment Palisade Wall x1 |
| 20:25 | CORP_RELP77 · wall_segment Palisade Wall x1 |
| 20:43 | [GDL] Snicker · wall_segment Stone Wall x1 |
| 20:49 | [GDL] Mochila Con Piedras · first_building Stable |
| 21:00 | [GDL] Snicker · wall_segment Palisade Wall x1 |
| 21:03 | CORP_RELP77 · age_up castle |
| 21:13 | |GDL| "V" 4Vendetta · first_building Barracks |
| 21:31 | |GDL| "V" 4Vendetta · first_market_buy 100 stone |
| 21:59 | [GDL] Soy Un RUFIAN · wall_segment Palisade Wall x20 |
| 22:00 | [GDL] Mochila Con Piedras · wall_segment Palisade Wall x1 |
| 22:04 | [GDL] Mochila Con Piedras · wall_segment Palisade Wall x1 |
| 22:07 | [GDL] Pardox · first_building Castle |
| 22:17 | [GDL] Pardox · wall_segment Palisade Wall x1 |
| 22:23 | [GDL] Pardox · wall_segment Palisade Wall x1 |
| 22:28 | CORP_RELP77 · first_building Monastery |
| 22:30 | |GDL| "V" 4Vendetta · first_building Siege Workshop |
| 22:31 | [GDL] Pardox · wall_segment Palisade Wall x1 |
| 22:32 | [GDL] Pardox · wall_segment Palisade Wall x1 |
| 22:49 | [GDL] Mochila Con Piedras · first_building Castle |
| 23:25 | GDL Aviña · first_market_sell 100 wood |
| 23:34 | [GDL] Snicker · wall_segment Palisade Wall x1 |
| 23:39 | [GDL] Soy Un RUFIAN · wall_segment Palisade Wall x13 |
| 23:54 | GDL Aviña · first_building Castle |
| 23:55 | [GDL] Mochila Con Piedras · wall_segment Palisade Wall x1 |
| 23:56 | [GDL] Mochila Con Piedras · wall_segment Palisade Wall x1 |
| 24:12 | |GDL| "V" 4Vendetta · first_building Archery Range |
| 24:14 | [GDL] Soy Un RUFIAN · age_up castle |
| 24:16 | [GDL] Hugo Logar · age_up castle |
| 24:44 | [GDL] Pardox · first_building Siege Workshop |
| 24:50 | [GDL] Mochila Con Piedras · wall_segment Palisade Wall x1 |
| 24:59 | |GDL| "V" 4Vendetta · first_market_sell 100 wood |
| 25:24 | |GDL| "V" 4Vendetta · first_building Castle |
| 25:44 | [GDL] Pardox · first_building Monastery |
| 26:04 | [GDL] Hugo Logar · first_market_buy 100 stone |
| 26:36 | [GDL] Snicker · age_up castle |
| 26:39 | GDL Aviña · wall_segment Stone Wall x8 |
| 26:42 | GDL Aviña · wall_segment Stone Wall x1 |
| 26:42 | GDL Aviña · wall_segment Stone Wall x1 |
| 28:18 | GDL Aviña · wall_segment Stone Wall x1 |
| 29:00 | GDL Aviña · wall_segment Stone Wall x1 |
| 29:21 | [GDL] Soy Un RUFIAN · first_market_buy 100 stone |
| 29:36 | [GDL] Snicker · wall_segment Palisade Wall x1 |
| 30:51 | CORP_RELP77 · first_building Castle |
| 31:04 | [GDL] Snicker · wall_segment Stone Wall x1 |
| 32:49 | [GDL] Mochila Con Piedras · tribute_sent a jugador 1 |
| 32:49 | [GDL] Mochila Con Piedras · tribute_sent a jugador 3 |
| 32:49 | [GDL] Mochila Con Piedras · tribute_sent a jugador 4 |
| 32:49 | [GDL] Mochila Con Piedras · tribute_sent a jugador 5 |
| 32:49 | [GDL] Mochila Con Piedras · tribute_sent a jugador 6 |
| 32:49 | [GDL] Mochila Con Piedras · tribute_sent a jugador 7 |
| 32:49 | [GDL] Mochila Con Piedras · tribute_sent a jugador 8 |
| 32:52 | [GDL] Snicker · first_market_buy 100 stone |
| 34:51 | CORP_RELP77 · age_up imperial |
| 34:53 | [GDL] Soy Un RUFIAN · first_market_sell 100 wood |
| 35:22 | [GDL] Pardox · first_building Stable |
| 35:23 | CORP_RELP77 · first_market_buy 100 food |
| 36:11 | [GDL] Pardox · first_market_buy 100 stone |
| 36:16 | |GDL| "V" 4Vendetta · age_up imperial |
| 36:27 | GDL Aviña · first_building Archery Range |
| 36:49 | [GDL] Hugo Logar · first_building Castle |
| 37:57 | GDL Aviña · wall_segment Stone Wall x1 |
| 38:03 | GDL Aviña · wall_segment Stone Wall x9 |
| 38:06 | GDL Aviña · age_up imperial |
| 42:27 | [GDL] Hugo Logar · age_up imperial |
| 42:28 | [GDL] Snicker · first_building Siege Workshop |
| 42:44 | [GDL] Mochila Con Piedras · first_market_buy 100 food |
| 43:10 | [GDL] Snicker · first_building Castle |
| 43:57 | [GDL] Snicker · first_building Monastery |
| 45:50 | CORP_RELP77 · tribute_sent a jugador 1 |
| 45:50 | CORP_RELP77 · tribute_sent a jugador 2 |
| 45:50 | CORP_RELP77 · tribute_sent a jugador 3 |
| 45:50 | CORP_RELP77 · tribute_sent a jugador 4 |
| 45:50 | CORP_RELP77 · tribute_sent a jugador 6 |
| 45:50 | CORP_RELP77 · tribute_sent a jugador 7 |
| 45:50 | CORP_RELP77 · tribute_sent a jugador 8 |
| 45:50 | [GDL] Soy Un RUFIAN · first_building Castle |
| 45:56 | [GDL] Snicker · wall_segment Palisade Wall x1 |
| 46:02 | [GDL] Snicker · wall_segment Palisade Wall x1 |
| 46:36 | |GDL| "V" 4Vendetta · first_building Monastery |
| 46:39 | [GDL] Snicker · wall_segment Palisade Wall x3 |
| 46:45 | [GDL] Snicker · wall_segment Palisade Wall x1 |
| 46:47 | [GDL] Soy Un RUFIAN · first_building Monastery |
| 46:58 | [GDL] Snicker · wall_segment Palisade Wall x1 |
| 47:26 | [GDL] Snicker · wall_segment Palisade Wall x1 |
| 47:33 | [GDL] Snicker · age_up imperial |
| 49:49 | [GDL] Mochila Con Piedras · wall_segment Stone Wall x4 |
| 50:12 | [GDL] Pardox · first_building Archery Range |
| 50:42 | [GDL] Pardox · age_up imperial |
| 50:59 | [GDL] Soy Un RUFIAN · age_up imperial |
| 51:36 | [GDL] Snicker · first_market_sell 100 food |
| 53:19 | GDL Aviña · first_building Siege Workshop |
| 53:54 | CORP_RELP77 · resign |
[ ANÁLISIS IA · 1 CRÉDITO ]
¿Qué pasó realmente en esta partida?
Wolo.gg analiza cada decisión: build order, eco, micro, errores típicos por bracket. Análisis personalizado por WhatsApp o Discord en 30 segundos.
Guía civ
Coreanos
Perfil
Jugador #451364